 Dungeon Crawl Stone Soup version 0.28.0-43-g3370ac3207 (webtiles) character file.

Game seed: 5383654116033788534

93 joshe the Ruffian (level 4, -3/42 HPs)
             Began as an Ogre Transmuter on Mar 12, 2022.
             Slain by a gnoll
             ... wielding a +0 halberd
              (10 damage)
             ... on level 2 of the Dungeon.
             The game lasted 00:12:49 (2812 turns).

joshe the Ruffian (Ogre Transmuter)                 Turns: 2812, Time: 00:12:49

Health: -3/42      AC:  3    Str: 16    XL:     4   Next: 62%
Magic:  5/8        EV: 10    Int: 14    God:
Gold:   167        SH:  0    Dex:  9    Spells: 5/9 levels left

rFire   . . .      SeeInvis .     - Unarmed
rCold   . . .      Faith    .   (no shield)
rNeg    . . .      Spirit   .   a - +0 robe
rPois   .          Reflect  .   (helmet currently unavailable)
rElec   .          Harm     .   (no cloak)
rCorr   .          Rampage  .   (gloves unavailable)
Will    .....                   (boots unavailable)
Stlth   +.........              (no amulet)
HPRegen 0.14/turn               (no ring)
MPRegen 0.11/turn               (no ring)

@: appendages (expiring), wereblooded
A: horns 2, talons 2, large, unfitting armour, tough skin 1
a: End Transformation


You were on level 2 of the Dungeon.
You had temporarily grown beastly horns and talons.
You visited 1 branch of the dungeon, and saw 2 of its levels.

You collected 167 gold pieces.

Inventory:

Hand Weapons
 g - a +0 dagger
Missiles
 j - 2 poisoned darts
Armour
 a - a +0 robe (worn)
Scrolls
 h - a scroll of teleportation {unknown}
 i - a scroll of immolation {unknown}
 m - 2 scrolls of vulnerability {unknown}
Potions
 b - a potion of attraction
 c - a potion of curing
 d - a potion of ambrosia
 e - 2 potions of resistance
 k - 2 potions of brilliance {unknown}
 l - a potion of magic {unknown}


   Skills:
 - Level 2.0 Fighting
 - Level 2.0 Dodging
 - Level 3.1 Unarmed Combat
 - Level 3.0 Spellcasting
 + Level 0.9 Conjurations
 - Level 3.0 Transmutations
 + Level 0.8 Fire Magic


You had 5 spell levels left.
You knew the following spells:

 Your Spells              Type           Power      Damage    Failure   Level
a - Beastly Appendage     Tmut           20%        N/A       6%          1
b - Wereblood             Tmut           10%        N/A       10%         2
c - Foxfire               Conj/Fire      16%        2x1d4     16%         1

Your spell library contained the following spells:

 Spells                   Type           Power      Damage    Failure   Level
 Spider Form              Tmut/Pois      6%         N/A       34%         3
 Conjure Flame            Conj/Fire      4%         6-21      41%         3
 Inner Flame              Hex/Fire       3%         N/A       50%         3
 Ice Form                 Ice/Tmut       6%         N/A       75%         4
 Flame Wave               Conj/Fire      4%         2d5       83%         4


Dungeon Overview and Level Annotations

Branches:
Dungeon (2/15)

Altars:


Innate Abilities, Weirdness & Mutations

You have temporarily grown beastly horns and talons.
You are too large for most types of armour.
You have tough skin. (AC +1)


Message History

There is a stone staircase leading up here.
Casting: Beastly Appendage (safe; 6% risk of failure)
Confirm with . or Enter, or press ? or * to list all spells.
You conjure some foxfire!
The foxfire hits the gnoll.
The gnoll is moderately wounded.
The foxfire hits the gnoll but does no damage.
The gnoll is moderately wounded.
Casting: Foxfire (safe; 17% risk of failure)
Confirm with . or Enter, or press ? or * to list all spells.
You grow a pair of large bovine horns.
Your feet morph into talons.
The gnoll hits you with a +0 whip.
Casting: Beastly Appendage (safe; 6% risk of failure)
Confirm with . or Enter, or press ? or * to list all spells.
Your blood is infused with primal strength.
The gnoll hits you from afar with a +0 halberd!
The gnoll hits you but does no damage.
You hit the gnoll. You claw the gnoll.
The gnoll is heavily wounded.
The gnoll misses you. The gnoll closely misses you.
Unknown command.
You hit the gnoll.
The gnoll is severely wounded.
The gnoll barely misses you. The gnoll closely misses you.
You hit the gnoll. You claw the gnoll.
You feel a bit better.
You kill the gnoll!
The gnoll hits you from afar with a +0 halberd.
The gnoll hits you but does no damage.
Things that are here:
a +0 whip; a gnoll corpse You barely miss the gnoll.
The gnoll hits you with a +0 halberd.
You hit the gnoll. You claw the gnoll. Your headbutt misses the gnoll.
The gnoll is heavily wounded.
Your transformation is almost over.
The gnoll hits you with a +0 halberd!
* * * LOW HITPOINT WARNING * * *
The gnoll misses you.
There is a stone staircase leading up, spattered with blood here.
The gnoll hits you from afar with a +0 halberd!
You die...

.# ##.###g#.....# .#
#..##.#.....# .###
##.##g#.#+###
...####..#.#.#.############
.........#................#
.........###.#.##########.#
..........##g#..........#.#
..........##.#.########.#.#
..........##g#.#@.....#.#.#
...........#.#÷)......#.#.#
'#.......#.#.#g########.#.#
.#.......#..............#.#
.........##.##.##########.#
.........##.##.# #.#
.†.......##..#.# #.#
.........###.#.# #.#
.........# #.#.# #.#


You could see a gnoll.

Vanquished Creatures
  A gnoll (D:2)
  2 adders (D:2)
  3 worms
  9 endoplasms
  A giant cockroach (D:2)
  5 goblins (D:1)
  10 hobgoblins
  3 kobolds (D:1)
  A quokka (D:1)
  7 ball pythons
  5 bats
  4 frilled lizards
  3 rats
54 creatures vanquished.

Vanquished Creatures (others)
  6 foxfires (D:2)
6 creatures vanquished.

Grand Total: 60 creatures vanquished

Notes
Turn   | Place    | Note
-------+----------+-------------------------------------------
     0 | D:1      | joshe the Ogre Transmuter began the quest for the Orb.
     0 | D:1      | Reached XP level 1. HP: 19/19 MP: 3/3
   318 | D:1      | Reached XP level 2. HP: 28/28 MP: 3/5
   441 | D:1      | Learned a level 2 spell: Wereblood
   775 | D:1      | Reached XP level 3. HP: 35/35 MP: 3/7
  1086 | D:1      | You fall into a shaft and drop 1 floor!
  1372 | D:1      | Found a faded altar of an unknown god.
  1636 | D:2      | Learned a level 1 spell: Foxfire
  1857 | D:2      | Reached XP level 4. HP: 34/42 MP: 6/8
  2812 | D:2      | Slain by a gnoll

Illustrated notes

Levels and vault maps discovered:
D:1:      dpeg_arrival_brainrot, layout_basic, ebering_ecumenical_altar_ruins,
          chequers_serial_rivers_micro_d, amethyst_killhole,
          minmay_crystal_water
D:2:      layout_basic, serial_corexii_hall, corexii_hall_statues_l,
          corexii_hall_statues_i, eino_tiny_chamber

Skill      XL: |  1  2  3  4 |
---------------+-------------+-----
Transmutations | 2 3 |  3.0
Unarmed Combat | 3 |  3.1
Fighting       | 2 |  2.0
Dodging        | 2 |  2.0
Spellcasting   | 3 |  3.0
Conjurations   | |  0.9
Fire Magic     | |  0.8

Action                   |  1- 3 |  4- 6 || total
-------------------------+-------+-------++-------
Melee: Unarmed           |   103 |    35 ||   138
       Kick              |    20 |    11 ||    31
       Headbutt          |     7 |     2 ||     9
       Dagger            |     4 |       ||     4
       Punch             |     3 |     2 ||     5
 Cast: Beastly Appendage |    20 |     9 ||    29
       Wereblood         |     6 |     2 ||     8
       Foxfire           |       |     3 ||     3
  Use: Scroll            |     4 |       ||     4
       Potion            |       |     2 ||     2
 Stab: Sleeping          |     1 |       ||     1
Armor: Robe              |    41 |    10 ||    51
Dodge: Dodged            |    64 |    19 ||    83
